 Dungeon Crawl Stone Soup version 0.24.0-37-gcf1ca852f1 (webtiles) character file.

Game seed: 13144957219974600272, levelgen mode: deterministic

109 Delamore the Chopper (level 4, 0/39 HPs)
             Began as a Hill Orc Fighter on Nov 29, 2019.
             Succumbed to an orc priest's poison
             ... on level 3 of the Dungeon.
             The game lasted 00:01:43 (1828 turns).

Delamore the Chopper (Hill Orc Fighter)             Turns: 1828, Time: 00:01:43

Health: 0/39       AC:  5    Str: 19    XL:     4   Next: 90%
Magic:  4/4        EV:  8    Int:  8    God:
Gold:   146        SH:  9    Dex: 10    Spells: 3/3 levels left

rFire    . . .     SeeInvis .   a - +0 war axe
rCold    . . .     Gourm    .   c - +0 shield
rNeg     . . .     Faith    .   i - +0 ring mail (curse)
rPois    .         Spirit   .   (no helmet)
rElec    .         Reflect  .   (no cloak)
rCorr    .         Harm     .   (no gloves)
MR       .....                  (no boots)
Stlth    ..........             (no amulet)
HPRegen  0.13/turn              (no ring)
MPRegen  0.09/turn              (no ring)

@: lethally poisoned (0 -> -7), hasted, very quick
A: no striking features
a: Convert to Beogh


You were on level 3 of the Dungeon.
You were not hungry.

You visited 1 branch of the dungeon, and saw 3 of its levels.

You collected 146 gold pieces.

Inventory:

Hand Weapons
 a - a +0 war axe (weapon)
Armour
 b - a +0 scale mail
 c - a +0 shield (worn)
 i - a cursed +0 ring mail (worn)
Wands
 q - a wand of acid (8)
Scrolls
 e - 2 scrolls of identify {unknown}
 g - 2 scrolls of enchant weapon {unknown}
 h - 4 scrolls of amnesia {unknown}
 k - a scroll of fear {unknown}
 n - 2 scrolls of remove curse {unknown}
 o - a scroll of magic mapping {unknown}
 p - a scroll of enchant armour {unknown}
Potions
 d - a potion of might
 j - 2 potions of heal wounds {unknown}
 l - 4 potions of haste
 m - a potion of cancellation {unknown}
 s - a potion of invisibility {unknown}
Comestibles
 f - 4 rations
 r - 3 chunks of flesh


   Skills:
 - Level 3.6 Fighting
 + Level 6.5 Axes
 - Level 3.2 Armour
 - Level 3.2 Shields


You had 3 spell levels left.
You didn't know any spells.
Your spell library was empty.

Dungeon Overview and Level Annotations

Branches:
Dungeon (3/15)

Altars:


Message History

The orc priest shouts, "Surrender to Beogh and we'll let you live!"
You hit the orc priest.
You feel sick. You block the jackal's attack. You block the orc's attack.
The orc priest hits you with a cursed -3 hand axe.
The orc priest calls down the wrath of Beogh upon you.
Pain shoots through your body! You block the jackal's attack.
You completely miss the orc priest. You closely miss the orc priest.
You closely miss the jackal. You hit the jackal but do no damage.
You closely miss the orc.
You feel sick.
The jackal bites you but does no damage.
The orc barely misses you.
The orc priest mumbles some strange prayers to Beogh against you.
Beogh smites you!
* * * LOW HITPOINT WARNING * * *
The jackal bites you but does no damage.
You block the jackal's attack.
The orc priest calls upon Beogh to heal the orc priest.
The orc priest's wounds heal themselves!
It was a potion of haste.
You feel yourself speed up.
You die...

######
#....#######.
#...(........
#............
#....oo......
####.@h......
#....oh.)....
#.########...
#.#<#....# .
#.#.#.##.#
#.#....#.#
#.###..#.#
#.# #..#.#
#.# #..#.#


You could see 2 orc priests, an orc and 2 jackals.

Vanquished Creatures
  A hound zombie (D:2)
  2 adders (D:2)
  A gnoll (D:1)
  An ooze (D:3)
  6 dart slugs
  2 leopard geckos
  An orc (D:3)
  2 ball pythons (D:1)
  3 giant cockroaches
  4 hobgoblins (D:1)
  3 jackals
  4 bats
  4 frilled lizards
  3 goblins
  7 kobolds
  6 rats
50 creatures vanquished.

Notes
Turn   | Place    | Note
-------+----------+-------------------------------------------
     0 | D:1      | Delamore the Hill Orc Fighter began the quest for the Orb.
     0 | D:1      | Reached XP level 1. HP: 19/19 MP: 1/1
   171 | D:1      | Reached skill level 3 in Axes
   238 | D:1      | Reached XP level 2. HP: 26/26 MP: 2/2
   318 | D:1      | Reached skill level 4 in Axes
   488 | D:1      | Reached XP level 3. HP: 31/31 MP: 3/3
   685 | D:1      | Reached skill level 5 in Axes
  1337 | D:2      | Reached XP level 4. HP: 29/39 MP: 4/4
  1460 | D:2      | Reached skill level 6 in Axes
  1827 | D:3      | HP: 1/39 [orc priest/divine providence (16)]
  1828 | D:3      | Succumbed to an orc priest's poison

Levels and vault maps discovered:
D:1:      dpeg_cavernosity, layout_loops_ring, serial_park_tiny_pond
D:2:      layout_basic
D:3:      layout_basic

Skill      XL: |  1  2  3  4 |
---------------+-------------+-----
Axes           | 3 4 5 6 |  6.5
Fighting       | |  3.6
Armour         | |  3.2
Shields        | |  3.2

Action                   |  1- 3 |  4- 6 || total
-------------------------+-------+-------++-------
Melee: War axe           |   110 |    34 ||   144
  Use: Potion            |       |     1 ||     1
  Eat: Chunk             |     2 |     1 ||     3
Armor: Scale mail        |    40 |     2 ||    42
       Ring mail         |       |    14 ||    14
Dodge: Dodged            |    31 |    11 ||    42
Block: Shield            |    44 |    31 ||    75
